PL
PHILADELPHIA 1776 BC @ BOSTON PATRIOTS
05/31/2034
 
TOP OF THE 1ST
Philadelphia 1776 BC batting - Pitching for Boston Patriots : RHP Aurelio López
Pitching: RHP Aurelio López
Batting: LHB Kelvin Abbott 0-0: Ball
1-0: Ground out U3 (Groundball, 3L)
Batting: RHB Mario Castillo 0-0: Called Strike
0-1: Ground out 4-3 (Groundball, 4)
Batting: RHB Karl Blanke 0-0: Called Strike
0-1: Ball
1-1: Foul Ball, location: 2F
1-2: Strikes out swinging
Top of the 1st over - 0 runs, 0 hits, 0 errors, 0 left on base; Philadelphia 1776 0 - Boston 0
BOTTOM OF THE 1ST
Boston Patriots batting - Pitching for Philadelphia 1776 BC : RHP Jay Mahabir
Pitching: RHP Jay Mahabir
Batting: RHB Roland Deschain 0-0: Called Strike
0-1: Ball
1-1: Reached on error, E5 (Groundball, 56S)
Batting: RHB Juan Tellado 0-0: Called Strike
0-1: Foul Ball, location: 2F
0-2: Ball
1-2: Strikes out swinging
Batting: LHB Adrián Gómez 0-0: Ball
1-0: Ball
2-0: Ball
3-0: Called Strike
3-1: SINGLE (Line Drive, 89S)
Roland Deschain to third
Runner from 3rd tries for Home, SAFE, throw made home
Adrián Gómez to second
Batting: LHB Jorge Alejándrez 0-0: Ball
1-0: Ball
2-0: Foul Ball, location: 2F
2-1: Fly out, F7 (Flyball, 7D)
Batting: RHB Kantaro Taniguchi 0-0: Called Strike
0-1: Foul Ball, location: 2F
0-2: Ball
1-2: Fly out, F6 (Popup, 6M)
Bottom of the 1st over - 1 run, 1 hit, 1 error, 1 left on base; Philadelphia 1776 0 - Boston 1
TOP OF THE 2ND
Philadelphia 1776 BC batting - Pitching for Boston Patriots : RHP Aurelio López
Batting: LHB Manoo Satyavrat 0-0: Ball
1-0: Swinging Strike
1-1: Swinging Strike
1-2: Ball
2-2: Strikes out swinging
Batting: RHB Eddie Sachs 0-0: Ball
1-0: Ball
2-0: Ball
3-0: Base on Balls
Pitching: RHP Shu-de Cui
Batting: RHB Phil Moore 0-0: Ball
1-0: Swinging Strike
1-1: Foul Ball, location: 2F
1-2: Ball
2-2: Strikes out swinging
Batting: LHB José Rodríguez 0-0: Called Strike
0-1: Fly out, F7 (Flyball, 78M)
Top of the 2nd over - 0 runs, 0 hits, 0 errors, 1 left on base; Philadelphia 1776 0 - Boston 1
BOTTOM OF THE 2ND
Boston Patriots batting - Pitching for Philadelphia 1776 BC : RHP Jay Mahabir
Batting: LHB Stanley Belote 0-0: Fly out, F9 (Flyball, 9)
Batting: RHB Yu-shu Kang 0-0: Ball
1-0: Ground out 6-3 (Groundball, 6)
Batting: RHB Bartolo Morales 0-0: Ball
1-0: Fly out, F7 (Flyball, 7S)
Bottom of the 2nd over - 0 runs, 0 hits, 0 errors, 0 left on base; Philadelphia 1776 0 - Boston 1
TOP OF THE 3RD
Philadelphia 1776 BC batting - Pitching for Boston Patriots : RHP Shu-de Cui
Batting: RHB Kevin Malone 0-0: Ball
1-0: SINGLE (Groundball, 56S) (infield hit)
Batting: RHB Mikko Haataja 0-0: Ball
1-0: Swinging Strike
1-1: Ball
2-1: Fly out, F8 (Flyball, 8RXD)
Batting: LHB Kelvin Abbott 0-0: Called Strike
0-1: Ball
1-1: Foul Ball, location: 2F
1-2: Strikes out looking
Batting: RHB Mario Castillo 0-0: Ball
1-0: Ball
2-0: Ball
3-0: Called Strike
3-1: Base on Balls
Kevin Malone to second
Batting: RHB Karl Blanke 0-0: Fly out, F8 (Flyball, 8RD)
Top of the 3rd over - 0 runs, 1 hit, 0 errors, 2 left on base; Philadelphia 1776 0 - Boston 1
BOTTOM OF THE 3RD
Boston Patriots batting - Pitching for Philadelphia 1776 BC : RHP Jay Mahabir
Batting: LHB Juan Alvarado 0-0: Ball
1-0: SINGLE (Groundball, 4MD)
Batting: RHB Roland Deschain 0-0: Ball
Juan Alvarado is caught stealing 2nd base
1-0: Called Strike
1-1: Ball
2-1: Ball
3-1: Called Strike
3-2: SINGLE (Groundball, 56D)
Batting: RHB Juan Tellado 0-0: Ball
1-0: Ball
2-0: Foul Ball, location: 2F
2-1: Foul Ball, location: 2F
2-2: Strikes out swinging
Batting: LHB Adrián Gómez 0-0: Called Strike
0-1: Foul Ball, location: 2F
0-2: Strikes out swinging
Bottom of the 3rd over - 0 runs, 2 hits, 0 errors, 1 left on base; Philadelphia 1776 0 - Boston 1
TOP OF THE 4TH
Philadelphia 1776 BC batting - Pitching for Boston Patriots : RHP Shu-de Cui
Batting: LHB Manoo Satyavrat 0-0: Swinging Strike
0-1: Called Strike
0-2: Ball
1-2: Foul Ball, location: 2F
1-2: Foul Ball, location: 2F
1-2: Ball
2-2: Foul Ball, location: 2F
2-2: Strikes out swinging
Pitching: RHP Armando Garay
Batting: RHB Eddie Sachs 0-0: Ball
1-0: Ball
2-0: Ball
3-0: Called Strike
3-1: Foul Ball, location: 2F
3-2: Ground out 5-3 (Groundball, 56)
Batting: RHB Phil Moore 0-0: Fly out, F8 (Flyball, 8RM)
Top of the 4th over - 0 runs, 0 hits, 0 errors, 0 left on base; Philadelphia 1776 0 - Boston 1
BOTTOM OF THE 4TH
Boston Patriots batting - Pitching for Philadelphia 1776 BC : RHP Jay Mahabir
Batting: LHB Jorge Alejándrez 0-0: Called Strike
0-1: Fly out, F7 (Flyball, 7S)
Batting: RHB Kantaro Taniguchi 0-0: Ball
1-0: Called Strike
1-1: Ball
2-1: Swinging Strike
2-2: Strikes out looking
Batting: LHB Stanley Belote 0-0: Ball
1-0: Called Strike
1-1: Called Strike
1-2: Ball
2-2: Foul Ball, location: 2F
2-2: Strikes out swinging
Bottom of the 4th over - 0 runs, 0 hits, 0 errors, 0 left on base; Philadelphia 1776 0 - Boston 1
TOP OF THE 5TH
Philadelphia 1776 BC batting - Pitching for Boston Patriots : RHP Armando Garay
Batting: LHB José Rodríguez 0-0: Called Strike
0-1: Ball
1-1: Ball
2-1: Foul Ball, location: 2F
2-2: Strikes out swinging
Batting: RHB Kevin Malone 0-0: Called Strike
0-1: Foul Ball, location: 2F
0-2: Ball
1-2: Strikes out looking
Batting: RHB Mikko Haataja 0-0: SINGLE (Groundball, 56D)
Batting: LHB Kelvin Abbott 0-0: SINGLE (Line Drive, 4)
Mikko Haataja to second
Mikko Haataja to third
Batting: RHB Mario Castillo 0-0: Ground out 4-3 (Groundball, 4M)
Top of the 5th over - 0 runs, 2 hits, 0 errors, 2 left on base; Philadelphia 1776 0 - Boston 1
BOTTOM OF THE 5TH
Boston Patriots batting - Pitching for Philadelphia 1776 BC : RHP Jay Mahabir
Batting: RHB Yu-shu Kang 0-0: Swinging Strike
0-1: Called Strike
0-2: Foul Ball, location: 2F
0-2: Strikes out looking
Batting: RHB Bartolo Morales 0-0: Called Strike
0-1: DOUBLE (Line Drive, 89D)
Batting: LHB Juan Alvarado 0-0: Ground out 4-3 (Groundball, 34)
Bartolo Morales to third
Batting: RHB Roland Deschain 0-0: Ball
1-0: Foul Ball, location: 2F
1-1: Foul Ball, location: 2F
1-2: Ball
2-2: Ball
3-2: Foul Ball, location: 2F
3-2: Foul Ball, location: 2F
3-2: Foul Ball, location: 2F
3-2: Ground out 5-3 (Groundball, 56)
Bottom of the 5th over - 0 runs, 1 hit, 0 errors, 1 left on base; Philadelphia 1776 0 - Boston 1
TOP OF THE 6TH
Philadelphia 1776 BC batting - Pitching for Boston Patriots : RHP Armando Garay
Batting: RHB Karl Blanke 0-0: Foul Ball, location: 2F
0-1: Swinging Strike
0-2: Strikes out swinging
Batting: LHB Manoo Satyavrat 0-0: Ball
1-0: Fly out, F6 (Popup, P)
Batting: RHB Eddie Sachs 0-0: Ball
1-0: Ball
2-0: Ball
3-0: Called Strike
3-1: Called Strike
3-2: Fly out, F9 (Flyball, 9S)
Top of the 6th over - 0 runs, 0 hits, 0 errors, 0 left on base; Philadelphia 1776 0 - Boston 1
BOTTOM OF THE 6TH
Boston Patriots batting - Pitching for Philadelphia 1776 BC : RHP Jay Mahabir
Batting: RHB Juan Tellado 0-0: Ground out 6-3 (Groundball, 6S)
Batting: LHB Adrián Gómez 0-0: Swinging Strike
0-1: Fly out, F9 (Flyball, 89M)
Batting: LHB Jorge Alejándrez 0-0: Ball
1-0: Foul Ball, location: 2F
1-1: Foul Ball, location: 2F
1-2: Foul Ball, location: 2F
1-2: Ball
2-2: Ball
3-2: Fly out, F5 (Popup, 15)
Bottom of the 6th over - 0 runs, 0 hits, 0 errors, 0 left on base; Philadelphia 1776 0 - Boston 1
TOP OF THE 7TH
Philadelphia 1776 BC batting - Pitching for Boston Patriots : RHP Armando Garay
Batting: RHB Phil Moore 0-0: Foul Ball, location: 2F
0-1: Ground out 6-3 (Groundball, 6)
Batting: LHB José Rodríguez 0-0: Called Strike
0-1: Ball
1-1: Swinging Strike
1-2: DOUBLE (Flyball, 7LD)
Batting: RHB Kevin Malone 0-0: Ball
1-0: Ball
2-0: Ball
3-0: Base on Balls
Pitching: RHP Shuntavyious Primes-Willes
Pinch Hitting: LHB Jake Grant 0-0: Foul Ball, location: 2F
0-1: Ball
1-1: Fly out, F5 (Popup, 5S)
Batting: LHB Kelvin Abbott 0-0: Ground out U3 (Groundball, 3)
Top of the 7th over - 0 runs, 1 hit, 0 errors, 2 left on base; Philadelphia 1776 0 - Boston 1
BOTTOM OF THE 7TH
Boston Patriots batting - Pitching for Philadelphia 1776 BC : RHP Jay Mahabir
Now at SS: Kent Summey
Batting: RHB Kantaro Taniguchi 0-0: Ball
1-0: Ball
2-0: Ground out 6-3 (Groundball, 6)
Batting: LHB Stanley Belote 0-0: Ball
1-0: Ball
2-0: Ball
3-0: Called Strike
3-1: Base on Balls
Batting: RHB Yu-shu Kang 0-0: Called Strike
0-1: Foul Ball, location: 2F
0-2: Foul Ball, location: 2F
0-2: Fly out, F6 (Popup, 6)
Batting: RHB Bartolo Morales 0-0: Called Strike
0-1: Swinging Strike
0-2: Ball
1-2: Fly out, F8 (Flyball, 8LM)
Bottom of the 7th over - 0 runs, 0 hits, 0 errors, 1 left on base; Philadelphia 1776 0 - Boston 1
TOP OF THE 8TH
Philadelphia 1776 BC batting - Pitching for Boston Patriots : RHP Shuntavyious Primes-Willes
Batting: RHB Mario Castillo 0-0: Ball
1-0: Foul Ball, location: 2F
1-1: Ground out 1-3 (Groundball, P)
Batting: RHB Karl Blanke 0-0: Called Strike
0-1: Ball
1-1: Swinging Strike
1-2: SINGLE (Line Drive, 7S)
Pitching: LHP José Sánchez
Batting: LHB Manoo Satyavrat 0-0: Called Strike
0-1: Foul Ball, location: 2F
0-2: Ball
1-2: Strikes out swinging
Batting: RHB Eddie Sachs 0-0: Ball
1-0: SINGLE (Line Drive, 6D)
Karl Blanke to second
Batting: RHB Phil Moore 0-0: Foul Ball, location: 2F
0-1: Ball
1-1: Swinging Strike
1-2: Fly out, F8 (Flyball, 8RS)
Top of the 8th over - 0 runs, 2 hits, 0 errors, 2 left on base; Philadelphia 1776 0 - Boston 1
BOTTOM OF THE 8TH
Boston Patriots batting - Pitching for Philadelphia 1776 BC : RHP Jay Mahabir
Batting: LHB Juan Alvarado 0-0: Called Strike
0-1: Ball
1-1: Foul Ball, location: 2F
1-2: Strikes out swinging
Batting: RHB Roland Deschain 0-0: Ball
1-0: Fly out, F8 (Flyball, 8LS)
Batting: RHB Juan Tellado 0-0: Ball
1-0: Foul Ball, location: 2F
1-1: Foul Ball, location: 2F
1-2: Ball
2-2: Foul Ball, location: 2F
2-2: Ball
3-2: Base on Balls
Pitching: RHP Goodluck Obasanjo
Batting: LHB Adrián Gómez 0-0: Ball
1-0: Hit by Pitch
Juan Tellado to second
Batting: LHB Jorge Alejándrez 0-0: Foul Ball, location: 2F
0-1: Foul Ball, location: 2F
0-2: Ball
1-2: Ground out 4-3 (Groundball, 4)
Bottom of the 8th over - 0 runs, 0 hits, 0 errors, 2 left on base; Philadelphia 1776 0 - Boston 1
TOP OF THE 9TH
Philadelphia 1776 BC batting - Pitching for Boston Patriots : LHP José Sánchez
Pinch Hitting: RHB Tim Burney 0-0: Ball
1-0: Ball
2-0: Ball
3-0: Base on Balls
Batting: RHB Kevin Malone 0-0: Ball
1-0: Foul Ball, location: 2F
1-1: Called Strike
1-2: Strikes out swinging
Batting: RHB Kent Summey 0-0: Called Strike
0-1: Ball
1-1: Ball
2-1: Foul Ball, location: 2F
2-2: Ball
3-2: SINGLE (Flyball, 7LS)
Tim Burney to second
Batting: LHB Kelvin Abbott 0-0: Foul Ball, location: 2F
0-1: Ball
1-1: Fielders Choice at 2nd, 4-6 (Groundball, 4)
Tim Burney to third
Batting: RHB Mario Castillo 0-0: Foul Ball, location: 2F
0-1: Ball
1-1: Ball
2-1: SINGLE (Line Drive, 8LS)
Tim Burney scores
Kelvin Abbott to second
Batting: RHB Karl Blanke 0-0: Ball
1-0: Called Strike
1-1: Called Strike
1-2: Ball
2-2: Foul Ball, location: 2F
2-2: Strikes out swinging
Top of the 9th over - 1 run, 2 hits, 0 errors, 2 left on base; Philadelphia 1776 1 - Boston 1
BOTTOM OF THE 9TH
Boston Patriots batting - Pitching for Philadelphia 1776 BC : RHP Goodluck Obasanjo
Pitching: RHP Tony Solíz
Now at 2B: Sam Quint
Batting: RHB Kantaro Taniguchi 0-0: Swinging Strike
0-1: Ball
1-1: Ball
2-1: Swinging Strike
2-2: Foul Ball, location: 2F
2-2: Ball
3-2: Strikes out swinging
Batting: LHB Stanley Belote 0-0: Ball
1-0: Ball
2-0: Fly out, F4 (Flyball, 4MD)
Batting: RHB Yu-shu Kang 0-0: Ground out 6-3 (Groundball, 6MS)
Bottom of the 9th over - 0 runs, 0 hits, 0 errors, 0 left on base; Philadelphia 1776 1 - Boston 1
TOP OF THE 10TH
Philadelphia 1776 BC batting - Pitching for Boston Patriots : LHP José Sánchez
Pitching: RHP Santiago Alonza
Batting: LHB Manoo Satyavrat 0-0: Swinging Strike
0-1: Ball
1-1: Swinging Strike
1-2: Ball
2-2: Foul Ball, location: 2F
2-2: Foul Ball, location: 2F
2-2: SINGLE (Line Drive, 5L)
Batting: RHB Eddie Sachs 0-0: Ball
Manoo Satyavrat is caught stealing 2nd base
1-0: Foul Ball, location: 2F
1-1: Ball
2-1: Ball
3-1: Foul Ball, location: 2F
3-2: DOUBLE (Line Drive, 9LM)
Batting: RHB Phil Moore 0-0: DOUBLE (Flyball, 89D)
Eddie Sachs scores
Batting: SHB Sam Quint 0-0: Intentional Walk
Batting: RHB Kevin Malone 0-0: Called Strike
0-1: Called Strike
0-2: Strikes out swinging
Batting: RHB Kent Summey 0-0: Ball
1-0: Swinging Strike
1-1: Foul Ball, location: 2F
1-2: Ball
2-2: Strikes out swinging
Top of the 10th over - 1 run, 3 hits, 0 errors, 2 left on base; Philadelphia 1776 2 - Boston 1
BOTTOM OF THE 10TH
Boston Patriots batting - Pitching for Philadelphia 1776 BC : RHP Tony Solíz
Batting: RHB Bartolo Morales 0-0: Called Strike
0-1: Ball
1-1: Foul Ball, location: 2F
1-2: Fly out, F8 (Flyball, 8RM)
Batting: LHB Juan Alvarado 0-0: Called Strike
0-1: Ground out 4-3 (Groundball, 4)
Batting: RHB Roland Deschain 0-0: Ground out 1-3 (Groundball, 13S)
Bottom of the 10th over - 0 runs, 0 hits, 0 errors, 0 left on base; Philadelphia 1776 2 - Boston 1
Friday, March 29th, 2019 - OOTP Baseball 18.8 Build 76